 Dungeon Crawl Stone Soup version 0.28-a0-1412-gf95308ed99 (webtiles) character file.

Game seed: 3736112507925892348

800 sanka the Slasher (level 7, 0/60 HPs)
             Began as a Gnoll Cinder Acolyte on Jan 6, 2022.
             Was an Elder of Ignis.
             Slain by Duvessa (9 damage)
             ... on level 4 of the Dungeon.
             The game lasted 00:05:56 (3767 turns).

sanka the Slasher (Gnoll Cinder Acolyte)            Turns: 3767, Time: 00:05:56

Health: 0/60       AC: 14    Str: 13    XL:     7   Next: 90%
Magic:  1/13       EV: 12    Int: 15    God:    Ignis [****..]
Gold:   236        SH:  0    Dex:  8    Spells: 12/14 levels left

rFire   + . .      SeeInvis .   a - -1 falchion (flame)
rCold   . . .      Faith    .   (no shield)
rNeg    . . .      Spirit   .   b - +0 robe
rPois   .          Reflect  .   (no helmet)
rElec   .          Harm     .   (no cloak)
rCorr   .          Rampage  .   h - +0 pair of gloves
Will    .....                   (no boots)
Stlth   ++........              (no amulet)
HPRegen 0.20/turn               (no ring)
MPRegen 0.13/turn               j - +4 ring of protection

@: fiery-armoured
A: fangs 1, strong nose, distributed training
a: Renounce Religion, Fiery Armour, Foxfire Swarm, Rising Flame


You were on level 4 of the Dungeon.
You worshipped Ignis.
Ignis was greatly pleased with you.
You visited 1 branch of the dungeon, and saw 4 of its levels.
You also visited: Sewer.

You collected 236 gold pieces.


Innate Abilities, Weirdness & Mutations

You have very sharp teeth.
Your uncanny sense of smell can sniff out nearby items.
Your experience applies equally to all skills.


   Skills:
 + Level 7.1 Fighting
 + Level 2.7 Short Blades
 + Level 7.1 Long Blades
 + Level 2.7 Axes
 + Level 2.7 Maces & Flails
 + Level 2.7 Polearms
 + Level 2.7 Staves
 + Level 2.7 Slings
 + Level 2.7 Bows
 + Level 2.7 Crossbows
 + Level 2.7 Throwing
 + Level 2.7 Armour
 + Level 2.7 Dodging
 + Level 2.7 Stealth
 + Level 2.7 Shields
 + Level 2.7 Unarmed Combat
 + Level 4.0 Spellcasting
 + Level 2.2 Conjurations
 + Level 2.2 Hexes
 + Level 2.2 Summonings
 + Level 2.2 Necromancy
 + Level 2.2 Translocations
 + Level 2.2 Transmutations
 + Level 5.9 Fire Magic
 + Level 2.2 Ice Magic
 + Level 2.2 Air Magic
 + Level 2.2 Earth Magic
 + Level 2.2 Poison Magic
 + Level 3.0 Invocations
 + Level 2.7 Evocations


You had 12 spell levels left.
You knew the following spells:

 Your Spells              Type           Power      Damage    Failure   Level
y - Scorch                Fire           40%        2d7       2%          2

Your spell library contained the following spells:

 Spells                   Type           Power      Damage    Failure   Level
 Ozocubu's Armour         Ice            9%         N/A       22%         3
 Ozocubu's Refrigeration  Ice            4%         4d5       100%        7

Inventory:

Hand Weapons
 a - a -1 falchion of flaming (weapon)
 l - a +0 morningstar
Armour
 b - a +0 robe (worn)
 h - a +0 pair of gloves (worn)
Jewellery
 j - a +4 ring of protection (right hand)
Wands
 k - a wand of flame (5)
Scrolls
 c - a scroll of immolation {unknown}
 d - 2 scrolls of identify {unknown}
 e - 2 scrolls of teleportation {unknown}
 f - a scroll of enchant armour {unknown}
 i - a scroll of fear {unknown}
 m - a scroll of acquirement {unknown}
Potions
 g - 2 potions of curing {@q1}

Dungeon Overview and Level Annotations

Branches:
Dungeon (4/15)              Sewer (visited)
 Temple: D:4-7

Altars:
Hepliaklqana
Makhleb

Annotations:
D:4 Duvessa

..▒ ▒ ▒.▒ ∆ ▒. ▒.▒ .
▒..▒▒▒▒▒▒▒.▒ ..
▒....e..▒▒.▒▒ ...
▒.▒▒▒▒▒e....▒▒▒▒▒...
∆ ▒▒▒▒▒▒▒▒..[.......
▒.vvvv▒▒.[▒▒.▒▒...
▒.vvgev(...)[.▒
▒.vvvvv....▒..▒
▒.vvvv▒▒▒▒▒▒▒...▒
▒.)...▒ ▒▒......
▒.....▒ ..▒.▒..
...▒▒▒▒▒ ▒.▒ ▒ ....
.. ..... ▒▒▒ .....


You could see Duvessa (berserk, combustible, ally target).


Message History

Flames lash Dowan.
Dowan is burned terribly!
You kill Dowan!
Duvessa screams in rage.
Duvessa goes berserk!
Duvessa closely misses you.
Your Spellcasting skill increases to level 4!
Flames lash Duvessa.
Duvessa is moderately wounded.
Duvessa hits you with a +0 rapier! Duvessa hits you with a +0 rapier!
* * * LOW HITPOINT WARNING * * *
Unknown command.
Flames lash Duvessa.
Duvessa is burned terribly!
Duvessa is moderately wounded.
Duvessa completely misses you.
Use which ability? (? or * to list)
A protective cloak of flame settles atop you.
Duvessa hits you with a +0 rapier!
* * * LOW HITPOINT WARNING * * *
Duvessa is burned terribly!
Duvessa is burned by your cloak of flames.
Duvessa is heavily wounded.
Duvessa misses you.
Use which ability? (? or * to list) Activating: Foxfire Swarm Flames leap up around you!
Duvessa hits you with a +0 rapier!
You die...

Action                   |  1- 3 |  4- 6 |  7- 9 || total
-------------------------+-------+-------+-------++-------
Melee: Falchion          |    84 |    66 |    24 ||   174
       Bite              |     1 |     6 |     1 ||     8
       Punch             |     1 |       |       ||     1
 Cast: Scorch            |     3 |    22 |    27 ||    52
Invok: Fiery Armour      |       |     1 |     1 ||     2
       Foxfire Swarm     |       |       |     1 ||     1
  Use: Potion            |       |     1 |       ||     1
 Stab: Sleeping          |     1 |       |     1 ||     2
Armor: Robe              |    13 |    42 |    10 ||    65
Dodge: Dodged            |    37 |    61 |    24 ||   122

Levels and vault maps discovered:
D:1:      eino_arrival_cavern_a, layout_rooms
D:2:      layout_loops_ring, nicolae_ecumenical_lake_church
D:3:      layout_loops_ring, mainiacjoe_overflow_two_lobes,
          portal_sewer_entry_b, uniq_ijyb, uniq_grinder
D:4:      layout_rooms, minmay_temple_entry_arrows, feat_on_display,
          uniq_edmund, uniq_duvessa, uniq_pikel, uniq_natasha, uniq_menkaure

Notes
Turn   | Place    | Note
-------+----------+-------------------------------------------
     0 | D:1      | sanka the Gnoll Cinder Acolyte began the quest for the Orb.
     0 | D:1      | Reached XP level 1. HP: 23/23 MP: 4/4
   293 | D:1      | Reached XP level 2. HP: 29/29 MP: 5/5
   321 | D:1      | Learned a level 2 spell: Scorch
   755 | D:1      | Reached XP level 3. HP: 35/35 MP: 4/7
   969 | D:2      | Reached skill level 1 in Invocations
  1147 | D:2      | Found a faded altar of an unknown god.
  1296 | D:2      | Reached skill level 1 in Short Blades
  1296 | D:2      | Reached skill level 1 in Axes
  1296 | D:2      | Reached skill level 1 in Maces & Flails
  1296 | D:2      | Reached skill level 1 in Polearms
  1296 | D:2      | Reached skill level 1 in Staves
  1296 | D:2      | Reached skill level 1 in Slings
  1296 | D:2      | Reached skill level 1 in Bows
  1296 | D:2      | Reached skill level 1 in Crossbows
  1296 | D:2      | Reached skill level 1 in Throwing
  1296 | D:2      | Reached skill level 1 in Armour
  1296 | D:2      | Reached skill level 1 in Dodging
  1296 | D:2      | Reached skill level 1 in Stealth
  1296 | D:2      | Reached skill level 1 in Shields
  1296 | D:2      | Reached skill level 1 in Unarmed Combat
  1296 | D:2      | Reached skill level 1 in Evocations
  1702 | D:3      | Reached XP level 4. HP: 41/41 MP: 8/8
  1733 | D:3      | Found a glowing drain.
  1757 | Sewer    | Entered a sewer
  1832 | Sewer    | Noticed Pargi
  1844 | Sewer    | Killed Pargi
  1845 | Sewer    | Reached skill level 3 in Spellcasting
  1845 | Sewer    | Reached skill level 1 in Conjurations
  1845 | Sewer    | Reached skill level 1 in Hexes
  1845 | Sewer    | Reached skill level 1 in Summonings
  1845 | Sewer    | Reached skill level 1 in Necromancy
  1845 | Sewer    | Reached skill level 1 in Translocations
  1845 | Sewer    | Reached skill level 1 in Transmutations
  1845 | Sewer    | Reached skill level 1 in Ice Magic
  1845 | Sewer    | Reached skill level 1 in Air Magic
  1845 | Sewer    | Reached skill level 1 in Earth Magic
  1845 | Sewer    | Reached skill level 1 in Poison Magic
  1845 | Sewer    | Reached XP level 5. HP: 12/47 MP: 0/9
  2247 | D:3      | Noticed Ijyb
  2264 | D:3      | Killed Ijyb
  2548 | D:3      | Reached skill level 2 in Invocations
  2548 | D:3      | Reached XP level 6. HP: 53/53 MP: 3/11
  3041 | D:3      | Noticed Grinder
  3044 | D:3      | Paralysed by Grinder for 3 turns
  3049 | D:3      | Killed Grinder
  3050 | D:3      | Reached skill level 7 in Fighting
  3050 | D:3      | Reached skill level 2 in Short Blades
  3050 | D:3      | Reached skill level 7 in Long Blades
  3050 | D:3      | Reached skill level 2 in Axes
  3050 | D:3      | Reached skill level 2 in Maces & Flails
  3050 | D:3      | Reached skill level 2 in Polearms
  3050 | D:3      | Reached skill level 2 in Staves
  3050 | D:3      | Reached skill level 2 in Slings
  3050 | D:3      | Reached skill level 2 in Bows
  3050 | D:3      | Reached skill level 2 in Crossbows
  3050 | D:3      | Reached skill level 2 in Throwing
  3050 | D:3      | Reached skill level 2 in Armour
  3050 | D:3      | Reached skill level 2 in Dodging
  3050 | D:3      | Reached skill level 2 in Stealth
  3050 | D:3      | Reached skill level 2 in Shields
  3050 | D:3      | Reached skill level 2 in Unarmed Combat
  3050 | D:3      | Reached skill level 2 in Evocations
  3050 | D:3      | Reached XP level 7. HP: 55/60 MP: 3/12
  3051 | D:3      | Found a hazy altar of Hepliaklqana.
  3138 | D:3      | Found a burning altar of Makhleb.
  3381 | D:4      | Noticed Natasha
  3387 | D:4      | Killed Natasha
  3419 | D:4      | Noticed Natasha
  3427 | D:4      | Killed Natasha
  3456 | D:4      | Noticed Natasha
  3459 | D:4      | Killed Natasha
  3460 | D:4      | Reached skill level 2 in Conjurations
  3460 | D:4      | Reached skill level 2 in Hexes
  3460 | D:4      | Reached skill level 2 in Summonings
  3460 | D:4      | Reached skill level 2 in Necromancy
  3460 | D:4      | Reached skill level 2 in Translocations
  3460 | D:4      | Reached skill level 2 in Transmutations
  3460 | D:4      | Reached skill level 2 in Ice Magic
  3460 | D:4      | Reached skill level 2 in Air Magic
  3460 | D:4      | Reached skill level 2 in Earth Magic
  3460 | D:4      | Reached skill level 2 in Poison Magic
  3683 | D:4      | Noticed Menkaure
  3685 | D:4      | Noticed Duvessa
  3686 | D:4      | Noticed Dowan
  3687 | D:4      | Killed Menkaure
  3688 | D:4      | Reached skill level 3 in Invocations
  3763 | D:4      | Killed Dowan
  3764 | D:4      | Reached skill level 4 in Spellcasting
  3767 | D:4      | Slain by Duvessa

Vanquished Creatures
  Grinder (D:3)
  Menkaure (D:4)
  Pargi (Sewer)
  Dowan (D:4)
  2 orc priests
  Ijyb (D:3)
  Natasha (thrice) (D:4)
  3 orc wizards
  A gnoll (D:1)
  3 adders (D:3)
  3 worms (D:2)
  A dart slug (D:2)
  6 orcs
  4 endoplasms (D:1)
  2 goblins (D:1)
  5 hobgoblins
  2 jackals (D:2)
  7 kobolds
  3 quokkas
  7 ball pythons
  5 bats
  A frilled lizard (D:3)
  7 rats
70 creatures vanquished.
